 Dungeon Crawl Stone Soup version 0.28.0-53-g5a82cb258f (webtiles) character file.

Game seed: 15630372559727601223

215 protoss039 the Digger (level 5, 41/41 HPs)
             Began as a Demonspawn Earth Elementalist on June 16, 2022.
             Got out of the dungeon alive.
             The game lasted 00:05:12 (3273 turns).

protoss039 the Digger (DsEE)                        Turns: 3273, Time: 00:05:13

Health: 41/41      AC:  4    Str:  8    XL:     5   Next: 60%
Magic:  9/9        EV: 11    Int: 18    God:
Gold:   90         SH:  4    Dex: 14    Spells: 4/10 levels left

rFire   . . .      SeeInvis .   d - +0 dagger
rCold   . . .      Faith    .   (no shield)
rNeg    . . .      Spirit   .   s - +0 leather armour
rPois   .          Reflect  .   (helmet restricted)
rElec   .          Harm     .   (no cloak)
rCorr   +          Rampage  .   g - +0 pair of gloves
Will    .....                   (no boots)
Stlth   ++........              (no amulet)
HPRegen 0.13/turn               k - ring of resist corrosion
MPRegen 0.22/turn               (no ring)

@: no status effects
A: horns 1, large bone plates 1, ignite blood 1, magic regeneration
a: no special abilities


You escaped.
You visited 1 branch of the dungeon, and saw 4 of its levels.

You collected 90 gold pieces.

Inventory:

Hand Weapons
 d - a +0 dagger (weapon)
Missiles
 c - 123 stones
Armour
 b - the +2 helmet of Going Fast {Int+4}
   (You took it off Robin on level 3 of the Dungeon)

   Int:       It affects your intelligence (+4).
 g - a +0 pair of gloves (worn)
 s - a +0 leather armour (worn)
Jewellery
 k - a ring of resist corrosion (left hand)
Scrolls
 a - a scroll of vulnerability {unknown}
 e - 2 scrolls of amnesia
 f - a scroll of identify
 j - a scroll of summoning {unknown}
 m - a scroll of fog {unknown}
 n - a scroll of blinking {unknown}
 o - 2 scrolls of fear
 p - a scroll of magic mapping {unknown}
 q - a scroll of enchant weapon {unknown}
Potions
 h - a potion of haste {unknown}
 i - a potion of heal wounds {unknown}
 l - a potion of berserk rage {unknown}
 r - a potion of might {unknown}


   Skills:
 * Level 3.2 Fighting
 + Level 2.0 Armour
 - Level 1.7 Dodging
 - Level 1.7 Stealth
 + Level 3.0 Spellcasting
 - Level 1.0 Transmutations
 + Level 3.5 Earth Magic


You had 4 spell levels left.
You knew the following spells:

 Your Spells              Type           Power      Damage    Failure   Level
a - Sandblast             Erth           30%        2d9       5%          1
b - Passwall              Tmut/Erth      8%         N/A       14%         2
c - Stone Arrow           Conj/Erth      18%        3d8       32%         3

Your spell library contained the following spells:

 Spells                   Type           Power      Damage    Failure   Level
 Gell's Gravitas          Tloc           2%         N/A       56%         3
 Lesser Beckoning         Tloc           2%         N/A       56%         3
 Teleport Other           Tloc           2%         N/A       56%         3
 Tukima's Dance           Hex            2%         N/A       56%         3
 Petrify                  Tmut/Erth      10%        N/A       65%         4
 Passage of Golubria      Tloc           2%         N/A       92%         4
 Yara's Violent Unravell  Hex/Tmut       2%         3d3       99%         5


Dungeon Overview and Level Annotations

Branches:
Dungeon (4/15)
 Temple: D:4-7

Altars:


Innate Abilities, Weirdness & Mutations

You have a pair of small horns on your head.
You are partially covered in large bone plates. (SH +4)
Your demonic aura sometimes causes spilled blood to erupt in flames.
You regenerate magic rapidly.


Message History

Aiming: Stone Arrow (quite dangerous; 26% risk of failure)
Press: ? - help, Shift-Dir - straight line, f/p - ogre
Aim: an ogre, wielding a +0 giant spiked club (flame, heavily wounded, 85% to hit)
The stone arrow hits the ogre!
The ogre is almost dead.
The ogre is engulfed in blazing flames.
You kill the ogre!
Your Fighting skill increases to level 3!
Your Armour skill increases to level 2!
Your Spellcasting skill increases to level 3!
You have reached level 5!
Your demonic ancestry asserts itself...
A pair of horns grows on your head!
The +2 helmet of Going Fast {Int+4} falls away!
You see here a +0 giant spiked club.
a - a scroll labelled ANIOPE HYTHRALA
There is a stone staircase leading up here.
You climb upwards.
There is a stone staircase leading down here.
You see here 2 scrolls of noise.
(D) Dungeon
Where to? (Enter - D:3 @ (x,y), ? - help)
What level of the Dungeon? (default 1, ? - help) Magic restored.
There is a stone staircase leading up here.
You climb upwards.
There is a stone staircase leading down here.
There is a stone staircase leading up here.
You climb upwards.
There is a stone staircase leading down here.
You can't go up here!
There is an open door here.
There is a dry fountain here.
There is a fountain of clear blue water here.
There is a staircase leading out of the dungeon here.
Are you sure you want to leave the Dungeon?
This will make you lose the game!
Alright, then stay!
There is a staircase leading out of the dungeon here.
Are you sure you want to leave the Dungeon?
This will make you lose the game!
You have escaped!

.....#......⌠.......⌠......####..
.....##...................###....
......##..⌠...⌠...⌠...⌠..## #....
#...#.###...............## #....
#.#.#.# ##.⌠....⌠....⌠.## ###....
#.#.#.#####...........#####......
#.#.......##..⌠...⌠..##..........
#.#.....#.###.......###.###....##
........#...##..@..####.##.......
........'....##.>.##.............
.....##.#....######.....#........
.....##..#...#...................
.........#...#.#.................
.........#.###.#............#.##.
#........#.###.#............#.##.
#..............#.......##...####.
.........#######.....).#########.


There were no monsters in sight!

Vanquished Creatures
  An ogre (D:4)
  Robin (D:3)
  4 adders
  A river rat (D:3)
  A worm (D:3)
  4 dart slugs
  An orc (D:3)
  5 ball pythons
  3 bats
  6 endoplasms
  A giant cockroach (D:3)
  15 goblins
  5 hobgoblins
  4 kobolds
  3 quokkas
  4 frilled lizards
  7 rats
66 creatures vanquished.

Notes
Turn   | Place    | Note
-------+----------+-------------------------------------------
     0 | D:1      | protoss039 the Demonspawn Earth Elementalist began the
                  | quest for the Orb.
     0 | D:1      | Reached XP level 1. HP: 13/13 MP: 3/3
   193 | D:1      | Reached skill level 1 in Transmutations
   341 | D:1      | Gained mutation: You are partially covered in large bone
                  | plates. (SH +4) [demonic ancestry]
   341 | D:1      | Reached XP level 2. HP: 20/20 MP: 3/5
   461 | D:1      | Reached skill level 1 in Fighting
   801 | D:1      | Found a faded altar of an unknown god.
  1211 | D:1      | Learned a level 2 spell: Passwall
  1221 | D:2      | Gained mutation: You regenerate magic rapidly. [demonic
                  | ancestry]
  1221 | D:2      | Reached XP level 3. HP: 21/26 MP: 1/6
  1486 | D:2      | Reached skill level 1 in Armour
  2314 | D:2      | Learned a level 3 spell: Stone Arrow
  2420 | D:3      | Gained mutation: Your demonic aura sometimes causes spilled
                  | blood to erupt in flames. [demonic ancestry]
  2420 | D:3      | Reached XP level 4. HP: 33/33 MP: 2/7
  2738 | D:3      | Identified the +2 helmet of Going Fast {Int+4}
  2738 | D:3      | Noticed Robin
  2795 | D:3      | Killed Robin
  3187 | D:4      | Noticed an ogre
  3196 | D:4      | Killed an ogre
  3197 | D:4      | Gained mutation: You have a pair of small horns on your
                  | head. [demonic ancestry]
  3197 | D:4      | Reached XP level 5. HP: 41/41 MP: 2/9
  3273 | D:$      | Got out of the dungeon alive.

Illustrated notes

Levels and vault maps discovered:
D:1:      dpeg_arrival_lava_temple_mockup, layout_basic,
          hellmonk_ecumenical_altar_inner_sanctum
D:2:      layout_basic, serial_curves, eino_curves_04, eino_curves_02,
          eino_curves_01, serial_bayou_pond_e
D:3:      layout_rooms, portal_sewer_entry_b, chequers_serial_rivers_micro_b,
          uniq_robin
D:4:      layout_rooms, mainiacjoe_overflow_six_doors_small

Skill      XL: |  1  2  3  4 |
---------------+-------------+-----
Transmutations | 1 |  1.0
Fighting       | 1 2 3 |  3.2
Earth Magic    | 3 |  3.5
Armour         | 1 2 |  2.0
Spellcasting   | 3 |  3.0
Dodging        | |  1.7
Stealth        | |  1.7

Action                   |  1- 3 |  4- 6 || total
-------------------------+-------+-------++-------
Melee: Dagger            |    62 |    15 ||    77
 Cast: Sandblast         |    51 |    35 ||    86
       Stone Arrow       |       |     2 ||     2
  Use: Scroll            |       |     3 ||     3
 Stab: Sleeping          |     2 |       ||     2
Armor: Robe              |    13 |       ||    13
       Leather armour    |       |    12 ||    12
Dodge: Dodged            |    38 |    15 ||    53
Block: Other             |    12 |     2 ||    14
